 Dungeon Crawl Stone Soup version 0.30.1-11-g7821555f0a (webtiles) character file.

Game seed: 5828979293175706504

47 Marvel the Covered (level 3, 0/33 HPs)
             Began as a Minotaur Fighter on Dec 15, 2023.
             Succumbed to an orc's poison
             ... on level 2 of the Dungeon.
             The game lasted 00:02:18 (566 turns).

Marvel the Covered (Minotaur Fighter)                Turns: 566, Time: 00:02:19

Health: 0/33       AC:  7    Str: 22    XL:     3   Next: 48%
Magic:  2/2        EV: 10    Int:  5    God:
Gold:   20         SH:  5    Dex:  9    Spells: 2/2 levels left

rFire   . . .        i - +0 battleaxe
rCold   . . .        (shield currently unavailable)
rNeg    . . .        b - +0 scale mail
rPois   .            (helmet restricted)
rElec   .            (no cloak)
rCorr   .            (no gloves)
SInv    .            (no boots)
Will    .....        g - amulet of reflection Stlth
                     (no ring)
HPRegen 0.25/turn    (no ring)
MPRegen 0.08/turn

%: reflection
@: lethally poisoned (0 -> -5), flying
A: horns 2, retaliatory headbutt
a: no special abilities


You were on level 2 of the Dungeon.
You visited 1 branch of the dungeon, and saw 2 of its levels.

You collected 20 gold pieces.

Inventory:

Hand Weapons
 a - a +0 war axe
 i - a +0 battleaxe (weapon)
Missiles
 j - 5 poisoned darts (quivered)
Armour
 b - a +0 scale mail (worn)
 c - a +0 buckler
Jewellery
 g - an amulet of reflection (around neck)
Scrolls
 f - a scroll of fear {unknown}
 h - a scroll of identify {unknown}
Potions
 d - a potion of might


   Skills:
 + Level 4.2 Fighting
 + Level 3.0 Axes
 + Level 4.2 Armour
 + Level 0.4 Dodging
 + Level 4.0 Shields


You had 2 spell levels left.
You didn't know any spells.
Your spell library contained the following spells:

 Spells                   Type           Power      Damage    Failure   Level
 Gell's Gravitas          Tloc           0%         N/A       99%         3
 Teleport Other           Tloc           0%         N/A       99%         3
 Dispersal                Tloc           0%         N/A       100%        6


Dungeon Overview and Level Annotations

Branches:
Dungeon (2/15)

Altars:


Innate Abilities, Weirdness & Mutations

You have a pair of horns on your head.
You reflexively headbutt those who attack you in melee.


Message History

You kill Terence!
You closely miss the orc.
The orc hits you with a +1 whip of venom.
The orc hits you but does no damage.
You are poisoned.
Your Shields skill increases to level 4!
You have reached level 3!
Your experience leads to an increase in your attributes!
Increase (S)trength, (I)ntelligence, or (D)exterity?
You feel stronger. x2
You closely miss the orc.
You feel very sick. The orc misses you. The orc hits you but does no damage.
You are more poisoned.
You closely miss the orc. Your headbutt misses the orc.
You feel very sick. The orc closely misses you.
You closely miss the orc. Your headbutt misses the orc.
You feel very sick.
The orc hits you with a +1 whip of venom.
You are lethally poisoned!
The orc completely misses you. You furiously retaliate!
You headbutt the orc!
You kill the orc!
A kobold comes into view. It is wielding a +0 dagger.
Your Axes skill increases to level 3!
It was a potion of flight.
You feel very buoyant.
You fly up into the air.
You feel very sick.
The kobold shouts!
* * * LOW HITPOINT WARNING * * *
You feel very sick.
The kobold throws a stone.
The stone hits you but does no damage.
* * * LOW HITPOINT WARNING * * *
You feel very sick.
* * * LOW HITPOINT WARNING * * *
You feel sick.
* * * LOW HITPOINT WARNING * * *
You feel sick.
You die...

...#.##
.......
###....#
#.')...#
#.#)......
#.#...####
#.#...#
#.#####
#.@.#
#####.#
#...#.#
#.#.#.#
##.#.#.#
#......#
#)######
#.# #.#


There were no monsters in sight!

Vanquished Creatures
  Terence (D:2)
  An orc (D:2)
  A ball python (D:1)
  3 endoplasms
  A giant cockroach (D:1)
  2 goblins (D:1)
  2 hobgoblins (D:1)
  2 quokkas (D:1)
  A bat (D:1)
  4 rats
18 creatures vanquished.

Vanquished Creatures (others)
  A goblin (D:2)
1 creature vanquished.

Grand Total: 19 creatures vanquished

Notes
Turn   | Place    | Note
-------+----------+-------------------------------------------
     0 | D:1      | Marvel the Minotaur Fighter began the quest for the Orb.
     0 | D:1      | Reached XP level 1. HP: 19/19 MP: 0/0
   158 | D:1      | Reached XP level 2. HP: 27/27 MP: 1/1
   554 | D:2      | Noticed Terence
   557 | D:2      | Killed Terence
   558 | D:2      | Reached XP level 3. HP: 31/33 MP: 2/2
   565 | D:2      | HP: 1/33 [poisoned by an orc]
   566 | D:2      | Succumbed to an orc's poison

Illustrated notes

Levels and vault maps discovered:
D:1:      dpeg_arrival_renting, layout_rooms
D:2:      layout_basic, uniq_terence, uniq_natasha

Skill      XL: |  1  2  3 |
---------------+----------+-----
Armour         | 4 |  4.2
Fighting       | 4 |  4.2
Shields        | 4 |  4.0
Axes           | 3 |  3.0
Dodging        | |  0.4

Action                     || total
---------------------------++-------
  Melee: War axe           ||    16
         Headbutt          ||     4
         Battleaxe         ||    18
    Use: Potion            ||     1
 Armour: Scale mail        ||    20
  Dodge: Dodged            ||    13
  Block: Buckler           ||     5
         Other             ||     4
         Reflection        ||     2
